 Dungeon Sprint DCSS version 0.20.1-1-g8b1a95d (webtiles) character file.

2324 suicidejoker the Unseen (level 9, -9/67 HPs)
             Began as an Octopode Assassin on Aug 24, 2017.
             Shot with an arrow by a centaur warrior (28 damage)
             ... in the Dungeon (Sprint I: "Red Sonja").
             The game lasted 00:04:08 (291 turns).

suicidejoker the Unseen (Octopode Assassin)          Turns: 291, Time: 00:04:09

Health: -9/67      AC:  3    Str: 13    XL:     9   Next: 42%
Magic:  9/9        EV: 19    Int: 13    God:
Gold:   694        SH:  0    Dex: 16    Spells: 8/8 levels left

rFire    . . .     SeeInvis .   p - +3 dagger (venom)
rCold    . . .     Gourm    .   (no shield)
rNeg     . . .     Faith    .   (helmet restricted)
rPois    .         Spirit   .   (no amulet)
rElec    .         Reflect  .   (no ring)
rCorr    .         Harm     .   (no ring)
MR       .....     NoTele   +   (no ring)
Stlth    ++++++++..             (no ring)
Regen    0.3/turn               (no ring)
MPRegen  0.2/turn               (no ring)
                                (no ring)
                                (no ring)

@: very slightly contaminated
A: almost no armour, stealthy swim, amphibious, 8 rings, constrict 8, thin
metallic scales 1, camouflage 1, agile 1, gelatinous body 1
a: no special abilities


You were in the Dungeon.
You were not hungry.

You visited 1 branch You collected 804 gold pieces.
You spent 110 gold pieces at shops.

Inventory:

Hand Weapons
 b - a +0 blowgun
 j - a +2 dagger of protection
 p - a +3 dagger of venom (weapon)
Missiles
 c - 8 poisoned needles
 d - 14 curare-tipped needles
Jewellery
 n - an uncursed ring of flight
Wands
 h - a wand of random effects (28/48)
Scrolls
 m - 2 scrolls of magic mapping
Potions
 a - a potion of mutation
 e - 3 potions of curing
 i - 2 potions of magic
 l - a potion of ambrosia {unknown}
Comestibles
 f - a bread ration


   Skills:
 + Level 8.7 Fighting
 * Level 12.0 Short Blades
 - Level 2.4 Throwing
 + Level 8.4 Dodging
 * Level 17.3 Stealth


You had 8 spell levels left.
You didn't know any spells.

Dungeon Overview and Level Annotations

Branches:
Dungeon (1/1)

Altars:
Cheibriados
Dithmenos
Elyvilon
Fedhas
Gozag
Hepliaklqana
Kikubaaqudgha
Makhleb
Nemelex Xobeh
Okawaru
Qazlal
Ru
Sif Muna
Trog
Uskayaw
Vehumet
Xom
Yredelemnul
Zin
The Shining One
Jiyva
Lugonu

Shops:
D %?[


Innate Abilities, Weirdness & Mutations

You cannot wear most types of armour.
You are very stealthy in the water. (Stealth+)
You are amphibious.
You can wear up to eight rings at the same time.
You can use your tentacles to constrict eight enemies at once.
Your skin changes colour to match your surroundings (Stealth+).
Your rubbery body absorbs attacks. (AC +1, EV +1)
You are partially covered in thin metallic scales. (AC +2)
You are agile. (Dex +2)


Message History

The centaur warrior shoots an arrow.
The arrow hits you!
* * * LOW HITPOINT WARNING * * *
You feel much better.
The centaur warrior shoots an arrow.
The arrow hits you!
* * * LOW HITPOINT WARNING * * *
It was a potion of mutation.
You feel extremely strange.
Thin metallic scales grow over part of your body.
You feel agile.
The centaur warrior shoots an arrow.
The arrow barely misses you.
The centaur warrior shoots an arrow.
The arrow closely misses you.
Blink to where?
Press: ? - help, Dir - move target cursor You are very lightly contaminated with residual magic.
As you read the scroll of blinking, it crumbles to dust.
The centaur warrior shoots an arrow.
The arrow completely misses you.
There is an open door here.
You close the door.
Okay, then.
A centaur warrior opens the door.
The centaur warrior shoots an arrow.
The arrow hits you!!
You die...

#..[..#.)'..#..'..'..#)..#
#..#####+#####'#__####...+
#..#### #...#.####$§#####
#..#__####..##§#§§§§§#
#..#_____##'#..+§§≈c§+
#⌠⌠#_.∩..†'..§_#§§§§c#
####_..__##_.#'##§###
#_____###'#.#[§.§###
############@####'###.##
#∩^.......'...'c.[..§.∩#
###++++####().##########
###.### #.#'#.# #.....#
#.....# #######


You could see a centaur warrior.

Vanquished Creatures
  Sonja (D)
  A deep troll (D)
  2 kobold demonologists (D)
  A slime creature (D)
  Sigmund (D)
  A yak (D)
  A floating eye (D)
  An ogre (D)
  A jelly (D)
  Ijyb (D)
  A ballistomycete (D)
  A ballistomycete spore (D)
13 creatures vanquished.

Vanquished Creatures (others)
  A ballistomycete spore (D)
1 creature vanquished.

Grand Total: 14 creatures vanquished

Notes
Turn   | Place    | Note
-------+----------+-------------------------------------------
     0 | D        | suicidejoker the Octopode Assassin began the quest for the Orb.
     0 | D        | Reached XP level 1. HP: 14/14 MP: 1/1
     1 | D        | Noticed Ijyb
     6 | D        | Killed Ijyb
     6 | D        | Reached skill level 8 in Stealth
     6 | D        | Reached XP level 2. HP: 17/20 MP: 2/2
     6 | D        | Reached XP level 3. HP: 21/25 MP: 3/3
    11 | D        | Noticed an ogre
    14 | D        | Killed an ogre
    14 | D        | Reached skill level 5 in Short Blades
    14 | D        | Reached skill level 10 in Stealth
    14 | D        | Reached XP level 4. HP: 29/33 MP: 4/4
    16 | D        | Noticed Sigmund
    19 | D        | Killed Sigmund
    19 | D        | Reached skill level 5 in Fighting
    19 | D        | Reached skill level 12 in Stealth
    19 | D        | Reached XP level 5. HP: 35/39 MP: 5/5
    19 | D        | Reached XP level 6. HP: 40/45 MP: 6/6
    28 | D        | Found a burning altar of Makhleb.
    28 | D        | Found a viscous altar of Jiyva.
    28 | D        | Found a shimmering altar of Xom.
    28 | D        | Found a corrupted altar of Lugonu.
    28 | D        | Noticed a slime creature
    31 | D        | Killed a slime creature
    31 | D        | Reached skill level 5 in Dodging
    31 | D        | Reached skill level 13 in Stealth
    31 | D        | Reached XP level 7. HP: 48/52 MP: 7/7
    39 | D        | Noticed a kobold demonologist
    40 | D        | Noticed a kobold demonologist
    42 | D        | Paralysed by a floating eye for 2 turns
    50 | D        | Killed a kobold demonologist
    50 | D        | Reached skill level 14 in Stealth
    57 | D        | Noticed a neqoxec
    57 | D        | Killed a kobold demonologist
    57 | D        | Reached skill level 10 in Short Blades
    57 | D        | Reached skill level 15 in Stealth
    57 | D        | Reached XP level 8. HP: 60/60 MP: 8/8
    77 | D        | Found a deep blue altar of Sif Muna.
    79 | D        | Found a radiant altar of Vehumet.
   102 | D        | Noticed Sonja
   106 | D        | Killed Sonja
   106 | D        | Reached skill level 16 in Stealth
   106 | D        | Reached XP level 9. HP: 63/66 MP: 9/9
   142 | D        | Found Fetal's Magic Scroll Emporium.
   142 | D        | Found an ancient bone altar of Kikubaaqudgha.
   142 | D        | Found a hazy altar of Hepliaklqana.
   142 | D        | Found a stormy altar of Qazlal.
   142 | D        | Found a hide-covered altar of Uskayaw.
   142 | D        | Found a blossoming altar of Fedhas.
   142 | D        | Found a bloodstained altar of Trog.
   142 | D        | Found an iron altar of Okawaru.
   142 | D        | Found a basalt altar of Yredelemnul.
   142 | D        | Found a glowing golden altar of the Shining One.
   142 | D        | Found a snail-covered altar of Cheibriados.
   142 | D        | Found a sacrificial altar of Ru.
   142 | D        | Found a glowing silver altar of Zin.
   142 | D        | Found a shadowy altar of Dithmenos.
   142 | D        | Found a white marble altar of Elyvilon.
   143 | D        | Found an opulent altar of Gozag.
   145 | D        | Found a sparkling altar of Nemelex Xobeh.
   149 | D        | Bought a scroll of enchant weapon for 75 gold pieces
   149 | D        | Bought a scroll of magic mapping for 35 gold pieces
   170 | D        | Found Dioweime's Food Boutique.
   233 | D        | Noticed a deep troll
   237 | D        | Killed a deep troll
   237 | D        | Reached skill level 17 in Stealth
   243 | D        | Found Jintom's Armour Emporium.
   279 | D        | Noticed a centaur warrior
   280 | D        | Noticed a centaur warrior
   286 | D        | Gained mutation: You are partially covered in thin metallic scales. (AC +2) [potion of mutation]
   286 | D        | Gained mutation: You are agile. (Dex +2) [potion of mutation]
   291 | D        | Shot with an arrow by a centaur warrior

Skill      XL: |  1  2  3  4  5  6  7  8  9 |
---------------+----------------------------+-----
Short Blades   | 3 5 7 8 10 11 12 | 12.0
Stealth        | 8 10 12 13 15 16 17 | 17.3
Fighting       | 3 5 6 7 8 |  8.7
Dodging        | 3 4 5 7 8 |  8.4
Throwing       | |  2.4

Action                   |  1- 3 |  4- 6 |  7- 9 || total
-------------------------+-------+-------+-------++-------
Melee: Dagger            |     5 |     2 |    21 ||    28
       Tentacles         |     3 |       |     5 ||     8
       Constrict         |     1 |       |     4 ||     5
  Use: Potion            |     1 |       |     4 ||     5
       Scroll            |       |       |     2 ||     2
 Stab: Sleeping          |     1 |     2 |     5 ||     8
Dodge: Dodged            |       |       |     3 ||     3
